 Dungeon Crawl Stone Soup version 0.21-a0-634-gaf8bc5d (webtiles) character file.

14 Monsterracer the Scratcher (level 2, 0/12 HPs)
             Began as a Felid Transmuter on Dec 29, 2017.
             Slain by a gnoll
             ... wielding a +0 spear
              (12 damage)
             ... on level 1 of the Dungeon.
             The game lasted 00:00:51 (297 turns).

Monsterracer the Scratcher (Felid Transmuter)        Turns: 297, Time: 00:00:51

Health: 0/12       AC:  1    Str:  6    XL:     2   Next: 31%
Magic:  5/6        EV: 18    Int: 14    God:
Gold:   41         SH:  0    Dex: 16    Spells: 2/5 levels left
                                        Lives:  0   Deaths: 0

rFire    . . .     SeeInvis +     - Unarmed
rCold    . . .     Gourm    .   (shield unavailable)
rNeg     . . .     Faith    .   (armour unavailable)
rPois    .         Spirit   .   (helmet unavailable)
rElec    .         Reflect  .   (cloak unavailable)
rCorr    .         Harm     .   (gloves unavailable)
MR       .....                  (boots unavailable)
Stlth    ++........             (no amulet)
HPRegen  0.04/turn              (no ring)
MPRegen  0.10/turn              (no ring)

@: appendage, quick
A: very small, no armour, no weapons or thrown items, stealth, claws 1, fangs 3,
horns 2, see invisible, carnivore, speed 1, shaggy fur 1, slow metabolism 1,
sharp paws
a: End Transformation


You were on level 1 of the Dungeon.
You were completely stuffed.
You had grown temporary horns.
You visited 1 branch of the dungeon, and saw 1 of its levels.

You collected 41 gold pieces.

Inventory:

Missiles
 a - 20 arrows
Scrolls
 d - a scroll of identify {unknown}
Potions
 e - a potion of curing {unknown}
Books
 b - a book of Changes

   Spells                             Type                      Level
   a - Beastly Appendage              Transmutation                1
   b - Sticks to Snakes               Transmutation                2
   c - Spider Form                    Transmutation/Poison         3
   d - Ice Form                       Ice/Transmutation            4
   e - Blade Hands                    Transmutation                5
Comestibles
 c - 2 rations


   Skills:
 - Level 1.0 Fighting
 + Level 3.1 Dodging
 * Level 3.4 Unarmed Combat
 - Level 2.0 Spellcasting
 + Level 2.4 Transmutations


You had 2 spell levels left.
You knew the following spells:

 Your Spells              Type           Power        Failure   Level  Hunger
a - Beastly Appendage     Tmut           #.....       9%          1    ##.....
b - Sticks to Snakes      Tmut           #.......     13%         2    ###....


Dungeon Overview and Level Annotations

Branches:
Dungeon (1/15)

Altars:


Innate Abilities, Weirdness & Mutations

You cannot wear armour.
You are incapable of wielding weapons or throwing items.
Your paws allow you to move quietly. (Stealth)
You have sharp claws.
You have razor-sharp teeth.
You have supernaturally acute eyesight. (SInv)
You are carnivorous and can eat meat at any time.
You cover ground quickly.
You are covered in fur. (AC +1)
You have a slow metabolism.
Your sharp claws are effective at attacking unaware monsters.
You have a pair of horns on your head.


Message History

You kill the goblin!
Your Dodging skill increases to level 3!
You have reached level 2!
Health restored: 12; MP restored: 6 Memorise Sticks to Snakes, consuming 2 spell levels and leaving 2?
You start memorising the spell.
You continue memorising. x2
You finish memorising.
Spell assigned to 'b'.
A dart slug comes into view.
Things that are here:
a club; a goblin corpse A dart slug is nearby!
A dart slug is nearby!
Found an escape hatch in the floor.
You scratch the dart slug but do no damage.
The dart slug barely misses you.
You scratch the dart slug but do no damage.
The dart slug closely misses you.
You claw the dart slug!
The dart slug is almost dead.
You scratch the dart slug.
You kill the dart slug!
No target in view!
You butcher the dart slug corpse.
f - 2 chunks of flesh Eating one of 2 chunks of flesh.
You eat one of the 2 chunks of flesh.
This raw flesh tastes great.
Eating a chunk of flesh.
You eat the chunk of flesh.
This raw flesh tastes great.
e - a bubbling dark potion A giant cockroach comes into view.
A giant cockroach is nearby!
A giant cockroach is nearby!
The giant cockroach barely misses you.
You scratch the giant cockroach but do no damage.
The giant cockroach closely misses you.
You scratch the giant cockroach.
The giant cockroach is severely wounded.
The giant cockroach closely misses you.
A giant cockroach is nearby!
You closely miss the giant cockroach. Your bite misses the giant cockroach.
The giant cockroach is severely wounded.
The giant cockroach closely misses you.
You scratch the giant cockroach.
You kill the giant cockroach!
No target in view!
No target in view!
A kobold comes into view. It is wielding a club.
A kobold is nearby!
A kobold is nearby!
The kobold shouts!
The kobold throws a stone.
The stone misses you.
The kobold throws a stone.
The stone misses you. The kobold hits you with a club.
You take 2 damage, and have 10/12 hp.
You scratch the kobold.
The kobold is heavily wounded.
You closely miss the kobold.
The kobold is heavily wounded.
The kobold hits you but does no damage.
You scratch the kobold.
You kill the kobold!
No target in view!
No target in view!
Things that are here:
a club; a kobold corpse
Things that are here:
a club; a kobold corpse A frilled lizard comes into view.
The frilled lizard hisses angrily.
A gnoll comes into view. It is wielding a spear.
Health restored: 12
There are monsters nearby!
There are monsters nearby!
There are monsters nearby!
The frilled lizard misses you.
Found 4 gold pieces and a puce potion.
You closely miss the frilled lizard.
The gnoll shouts!
Your bite misses the frilled lizard. You scratch the frilled lizard.
The frilled lizard is heavily wounded.
The frilled lizard barely misses you.
You closely miss the frilled lizard.
The frilled lizard is heavily wounded.
The frilled lizard completely misses you.
You scratch the frilled lizard.
You kill the frilled lizard!
Cast which spell? (? or * to list)
You grow a pair of large bovine horns.
You now have 5/6 mp.
You scratch the gnoll but do no damage. The gnoll completely misses you.
You closely miss the gnoll. The gnoll closely misses you.
You scratch the gnoll.
The gnoll is lightly wounded.
The gnoll closely misses you.
You barely miss the gnoll.
The gnoll is lightly wounded.
The gnoll hits you with a spear!
Ouch! That really hurt!
You die...

#########..##.#.#.....#...#
######..##.#.#.....#...#
#.......##.#.#.....#!..#
#.†......(.....)...#...#
#.......##.#.#######...# #
#####+#..#.#.#######...##..
#######..........g...........$
#...........#.#g#######.......
#.#####.....)...@.#####.#.##..
......................#.# #
......................#.#
..#####...........##).#.#
...####....#..#.#.##..#.#
..............#.#.##..#.#.##.
...####..#.##.#.#............
...####..#.##.#.#..#..#......
.........#.##...#..#..###.###


You could see a gnoll.

Vanquished Creatures
  A dart slug (D:1)
  2 giant cockroaches (D:1)
  A hobgoblin (D:1)
  3 bats (D:1)
  A frilled lizard (D:1)
  A goblin (D:1)
  3 kobolds (D:1)
  A rat (D:1)
13 creatures vanquished.

Notes
Turn   | Place    | Note
-------+----------+-------------------------------------------
     0 | D:1      | Monsterracer the Felid Transmuter began the quest for the Orb.
     0 | D:1      | Reached XP level 1. HP: 9/9 MP: 4/4
   172 | D:1      | Reached XP level 2. HP: 12/12 MP: 6/6
   176 | D:1      | Learned a level 2 spell: Sticks to Snakes
   297 | D:1      | Slain by a gnoll

Vault maps used:
D:1:      mushboom_english_gardens

Skill      XL: |  1 |
---------------+----+-----
Dodging        | 3 |  3.1
Fighting       | |  1.0
Unarmed Combat | |  3.4
Spellcasting   | |  2.0
Transmutations | |  2.4

Action                   || total
-------------------------++-------
Melee: Unarmed           ||    30
       Bite              ||     1
 Cast: Beastly Appendage ||     1
 Stab: Sleeping          ||     6
  Eat: Chunk             ||     6
Armor: Skin              ||     2
Dodge: Dodged            ||    18

Table legend:
 A = Spawn XP
 B = Non-spawn XP
 C = Spawn XP percentage of total XP
 D = Spawn monster count
 E = Non-spawn monster count
 F = Spawn count percentage of total count
 G = Total turns spent on level
                    A         B        C        D         E        F      G
               +---------+---------+-------+---------+---------+-------+---------
         Total |       0 |      21 |   0.0 |       0 |      13 |   0.0 |   297
               +---------+---------+-------+---------+---------+-------+---------
           D:1 |       0 |      21 |   0.0 |       0 |      13 |   0.0 |   297
               +---------+---------+-------+---------+---------+-------+---------

Vault maps used:
D:1:      mushboom_english_gardens
